 Dungeon Crawl Stone Soup version 0.18.1-50-g88ac8fd (webtiles) character file.

1286 Gargoyl the Ruffian (level 8, -10/79 HPs)
             Began as a Troll Monk on Oct 9, 2016.
             Mangled by an orc warrior
             ... wielding a +0 battleaxe
              (12 damage)
             ... on level 6 of the Dungeon.
             The game lasted 00:11:13 (5322 turns).

Gargoyl the Ruffian (Troll Monk)                    Turns: 5322, Time: 00:11:13

Health: -10/79     AC:  5    Str: 27    XL:     8   Next: 30%
Magic:  7/7        EV: 13    Int:  6    God:
Gold:   168        SH:  0    Dex: 17    Spells: 0 memorised, 7 levels left

rFire  . . .     SeeInvis .       - Unarmed
rCold  . . .     Gourm    +     a - +0 robe
rNeg   . . .     Faith    .     (no shield)
rPois  .         Spirit   .     (helmet restricted)
rElec  .         Dismiss  .     (no cloak)
rCorr  .         Reflect  .     (gloves unavailable)
SustAt .         Harm     .     (boots unavailable)
MR     .....                    (no amulet)
Stlth  ++........               w - +5 ring of dexterity
                                o - +5 ring of strength

@: not resistant to hostile enchantments, unstealthy
A: unfitting armour, claws 3, fast metabolism 3, gourmand, regeneration 2,
shaggy fur 1, tough skin 2
a: no special abilities


You were on level 6 of the Dungeon.
You were hungry.

You visited 1 branch of the dungeon, and saw 6 of its levels.
You also visited: Sewer.

You collected 258 gold pieces.
You spent 90 gold pieces at shops.

Inventory:

Hand Weapons
 x - a +0 spear
Missiles
 p - 4 javelins (quivered)
Armour
 a - a +0 robe (worn)
Jewellery
 o - a +5 ring of strength (left claw)
 w - a +5 ring of dexterity (right claw)
Scrolls
 e - 6 scrolls of identify
 f - 3 scrolls of amnesia
 h - 4 scrolls of remove curse {unknown}
 j - 2 scrolls of random uselessness {unknown}
 k - a scroll of blinking {unknown}
 l - 3 scrolls of magic mapping {unknown}
 m - 2 scrolls of enchant armour {unknown}
 r - 6 scrolls of teleportation
 s - a scroll of enchant weapon {unknown}
 y - 2 scrolls of recharging {unknown}
Potions
 c - a potion of heal wounds {unknown}
 d - 2 potions of curing {unknown}
 g - a potion of lignification {unknown}
 n - a potion of ambrosia {unknown}
 q - a potion of degeneration {unknown}
 t - 2 potions of agility {unknown}
 u - 2 potions of might {unknown}
 z - a potion of mutation {unknown}
Comestibles
 b - 3 bread rations
 i - 2 meat rations
 v - a slice of pizza


   Skills:
 + Level 4.3 Fighting
 + Level 5.9 Dodging
 + Level 2.5 Stealth
 + Level 6.6 Unarmed Combat


You had 7 spell levels left.
You didn't know any spells.

Dungeon Overview and Level Annotations

Branches:
Dungeon (6/15)             Temple (0/1) D:6

Altars:
Elyvilon
Fedhas
Gozag
Nemelex Xobeh

Shops:
D:4 ?


Innate Abilities, Weirdness & Mutations

You are too large for most types of armour.
You have claws for hands.
Your metabolism is lightning-fast.
You like to eat raw meat.
You heal very quickly.
You are covered in fur (AC +1).
You have very tough skin (AC +2).


Message History

The orc warrior hits you with a battleaxe.
Things that are here:
a trident; a ring mail; an orc corpse You scratch the orc warrior but do no damage.
The orc warrior hits you with a battleaxe!
The hound skeleton bites you.
You claw the orc warrior!
The orc warrior is moderately wounded.
The hound skeleton bites you.
You claw the orc warrior!
The orc warrior is heavily wounded.
The orc warrior hits you with a battleaxe!!
* * * LOW HITPOINT WARNING * * *
The hound skeleton bites you.
* * * LOW HITPOINT WARNING * * *
You closely miss the orc warrior.
The orc warrior is heavily wounded.
The hound skeleton bites you but does no damage.
The orc warrior hits you with a battleaxe!
You die...

.#.......#......................#
.#.>.#.>.######..................
.#.......#.......................
.#########......#................
#####.#.#.......##...............
......#..........................
#########.......####...........##
######'#o..............#.
#..@Z...#.#####.#.#. #
###'###.#.........#. #
#.......#######.###. #######
#...........# #....... '.....#
#...........# #....... #####.#
#...........# #....... # #.#
#....##'###.# #....... # #.#
+.... ..# '# #.#+#### # #.# #....
#.. . #.


You could see an orc warrior and a hound skeleton.

Vanquished Creatures
  An ogre (D:5)
  A necrophage (D:5)
  6 giant frogs
  2 scorpions
  A crimson imp (D:6)
  2 jellies
  A hound (D:5)
  An orc priest (D:5)
  An iguana (D:5)
  2 orc wizards (D:5)
  Ijyb (D:3)
  5 worker ants
  A hound zombie (D:5)
  9 adders
  A howler monkey skeleton (D:6)
  A shadow imp (D:6)
  3 adder skeletons
  4 worms
  3 dart slugs
  6 giant geckos
  13 orcs
  7 giant cockroaches
  6 goblins
  7 hobgoblins
  3 jackals (D:3)
  7 kobolds
  9 ball pythons
  7 bats
  3 giant gecko skeletons
  8 giant newts
  A quokka zombie (D:5)
  8 rats
131 creatures vanquished.

Notes
Turn   | Place    | Note
--------------------------------------------------------------
     0 | D:1      | Gargoyl the Troll Monk began the quest for the Orb.
     0 | D:1      | Reached XP level 1. HP: 22/22 MP: 0/0
   369 | D:1      | Reached XP level 2. HP: 29/29 MP: 1/1
  1140 | D:2      | Found a sparkling altar of Nemelex Xobeh.
  1146 | D:2      | Reached XP level 3. HP: 30/36 MP: 2/2
  1414 | D:2      | Found a white marble altar of Elyvilon.
  1471 | D:2      | Found an opulent altar of Gozag.
  1473 | D:2      | Found a blossoming altar of Fedhas.
  1482 | D:2      | Reached XP level 4. HP: 42/44 MP: 3/3
  1716 | D:3      | Found an opulent altar of Gozag.
  1970 | D:3      | Reached skill level 5 in Unarmed Combat
  2144 | D:3      | Noticed Ijyb
  2157 | D:3      | Killed Ijyb
  2157 | D:3      | Reached XP level 5. HP: 53/53 MP: 4/4
  2710 | D:4      | Found Xeulix's Magic Scroll Shoppe.
  2718 | D:4      | Bought a scroll of teleportation for 30 gold pieces
  2718 | D:4      | Bought a scroll of teleportation for 30 gold pieces
  2718 | D:4      | Bought a scroll of teleportation for 30 gold pieces
  3068 | D:4      | Reached XP level 6. HP: 34/61 MP: 5/5
  3686 | D:5      | Entered Level 5 of the Dungeon
  3987 | D:5      | Reached XP level 7. HP: 60/67 MP: 6/6
  4053 | D:5      | Reached skill level 6 in Unarmed Combat
  4502 | D:6      | Found a glowing drain.
  4515 | Sewer    | Entered a sewer
  4626 | Sewer    | Reached skill level 5 in Dodging
  4803 | D:6      | Reached XP level 8. HP: 49/78 MP: 7/7
  5264 | D:6      | Found a staircase to the Ecumenical Temple.
  5321 | D:6      | HP: 1/79 [hound skeleton (4)]
  5322 | D:6      | Mangled by an orc warrior

Skill      XL: |  1  2  3  4  5  6  7 |
---------------+----------------------+-----
Dodging        | 3 4 5 |  5.9
Fighting       | 3 4 |  4.3
Unarmed Combat | 5 6 |  6.6
Stealth        | 2 |  2.5

Action                   |  1- 3 |  4- 6 |  7- 9 || total
-------------------------+-------+-------+-------++-------
Melee: Unarmed           |    75 |   125 |   149 ||   349
       Punch             |     1 |     6 |     5 ||    12
  Use: Scroll            |       |     1 |     2 ||     3
 Stab: Sleeping          |       |     4 |     3 ||     7
  Eat: Chunk             |    11 |    26 |     7 ||    44
       Pizza             |     1 |       |       ||     1
Armor: Robe              |    26 |    32 |    69 ||   127
Dodge: Dodged            |    38 |    68 |   132 ||   238
